 Dungeon Crawl Stone Soup version 0.25-a0-1113-g0499d652a8 (webtiles) character file.

Game seed: 10852251146384698683, levelgen mode: deterministic

77807 Flugslaktarn the Severer (level 15, -1/210 HPs)
             Began as a Deep Dwarf Fighter on May 16, 2020.
             Was the Champion of Makhleb.
             Slain by a redback (12 damage)
             ... on level 3 of the Spider Nest.
             The game lasted 00:09:24 (11405 turns).

Flugslaktarn the Severer (Deep Dwarf Fighter)      Turns: 11405, Time: 00:09:25

Health: -1/210     AC: 11    Str: 24    XL:     15   Next: 16%
Magic:  20/20      EV:  2    Int: 10    God:    Makhleb [******]
Gold:   835        SH:  0    Dex: 13    Spells: 14/14 levels left

rFire    . . .     SeeInvis .   a - +0 broad axe (elec)
rCold    + . .     Gourm    .   p - +0 kite shield
rNeg     + + +     Faith    .   (armour currently unavailable)
rPois    +         Spirit   .   (helmet currently unavailable)
rElec    .         Reflect  .   (cloak currently unavailable)
rCorr    .         Harm     .   (gloves currently unavailable)
MR       ++...     NoTele   +   (boots currently unavailable)
Stlth    +.........             (no amulet)
HPRegen  0.00/turn              j - ring of Robustness {AC+8}
MPRegen  0.17/turn              c - ring of protection from cold

@: confused, lethally poisoned (-1 -> -1), tree-form, corroded,
non-regenerating, studying Dodging
A: damage resistance, heal wounds, negative energy resistance 1, sense
surroundings 2, no regeneration
a: Heal Wounds, Minor Destruction, Lesser Servant of Makhleb, Major Destruction,
Greater Servant of Makhleb, Renounce Religion


You were on level 3 of the Spider Nest.
You worshipped Makhleb.
Makhleb was exalted by your worship.
You were hungry.
You were a tree.
You visited 4 branches of the dungeon, and saw 23 of its levels.

You collected 1020 gold pieces.
You spent 185 gold pieces at shops.

Inventory:

Hand Weapons
 a - a +0 broad axe of electrocution (weapon)
   (You bought it in a shop on level 8 of the Dungeon)
Missiles
 g - 4 throwing nets (quivered)
Armour
 m - a +2 pair of gloves (melded)
   (You found it on level 9 of the Dungeon)
 p - a +0 kite shield (worn)
 s - a +0 helmet (melded)
   (You found it on level 6 of the Dungeon)
 u - a +0 plate armour (melded)
   (You took it off a gnoll sergeant on level 7 of the Dungeon)
 G - a +0 cloak (melded)
   (You found it on level 14 of the Dungeon)
Jewellery
 c - a ring of protection from cold (right branch)
   (You found it on level 6 of the Dungeon)
 j - the ring of Robustness (left branch) {AC+8}
   (You found it on level 5 of the Dungeon)

   [ring of protection]

   It affects your AC (+8).
 C - an uncursed ring of fire
   (You found it on level 10 of the Dungeon)
 J - an uncursed ring of resist corrosion {unknown}
   (You found it on level 2 of the Spider Nest)
Wands
 v - a wand of acid (7)
   (You found it on level 13 of the Dungeon)
 y - a wand of iceblast (28)
   (You found it on level 10 of the Dungeon)
 D - a wand of clouds (8)
   (You found it on level 13 of the Dungeon)
Scrolls
 l - a scroll of brand weapon
 n - a scroll of immolation
 r - 3 scrolls of identify
 t - 7 scrolls of teleportation
 x - 10 scrolls of remove curse
 z - 2 scrolls of blinking
 A - 3 scrolls of magic mapping
 E - a scroll of fog
 I - a scroll of fear
Potions
 d - 3 potions of might
 f - 3 potions of mutation
 h - a potion of haste
 i - 2 potions of brilliance
 k - 2 potions of flight
 o - 4 potions of invisibility
 w - 3 potions of heal wounds
 B - 2 potions of magic
 F - 2 potions of lignification
Books
 b - a manual of Dodging
   (You found it on level 15 of the Dungeon)
Comestibles
 e - 30 rations
 H - 4 chunks of flesh


   Skills:
 + Level 10.6 Fighting
 * Level 16.4 Axes
 + Level 12.3 Armour
 + Level 6.2 Dodging
 + Level 12.3 Shields
 - Level 13.1 Invocations
 - Level 6.0 Evocations


You had 14 spell levels left.
You didn't know any spells.
Your spell library was empty.

Dungeon Overview and Level Annotations

Branches:
Dungeon (15/15)            Temple (1/1) D:6            Lair (4/6) D:9
 Shoals (0/4) Lair:2       Spider (3/4) Lair:4          Orc (0/2) D:11
 Vaults (0/5) D:14         Depths (0/5) D:15

Altars:
Ashenzari
Dithmenos
Elyvilon
Gozag
Kikubaaqudgha
Makhleb
Nemelex Xobeh
Okawaru
Ru
Sif Muna
Trog
Vehumet
Xom
Yredelemnul
Zin
The Shining One
Beogh

Shops:
D:5 (   D:7 :   D:8 (   D:9 ?

Portals:
Trove: D:13 (give 16 potions of curing)


Innate Abilities, Weirdness & Mutations

You are resistant to damage.
You can heal yourself by infusing magical energy.
You resist negative energy. (rN+)
You passively map the area around you.
You do not regenerate.


Message History

Makhleb accepts your kill.
You feel better.
You feel sick.
The redback bites you but does no damage. x2
A redback comes into view.
The wolf spider barely misses you. The wolf spider bites you.
* * * LOW HITPOINT WARNING * * *
The demonic crawler hits you but does no damage.
The demonic crawler hits you.
The demonic crawler completely misses you.
The entropy weaver hits you!
* * * LOW HITPOINT WARNING * * *
The entropy weaver hits you but does no damage.
The entropy weaver hits you!
* * * LOW HITPOINT WARNING * * *
The entropy weaver hits you.
* * * LOW HITPOINT WARNING * * *
The wolf spider hits you but does no damage.
The wolf spider bites you but does no damage.
The redback barely misses you.
The jumping spider leaps!
The redback bites you!
You die...

, , * , * * ,
^...^#^.s.#. * * ,
* .....#....,
!..#* ,,* ,
.......... #.... *
, ....#..s○ #....
, ,.#.<.ssss ...#
. , *,
,....ssss##...#..
, ,, #.sssa.......
, ,
,..#sss♣ss...... ,
.....ssss.#.^.. ,
, , ,
......sss.......,
, , *
.....>.#...#s... ,
,
,................
, , , *
.........<......
,, , , ,,
...........).... ,
, , ,
.............##.,,
, , ....#...?....
,


You could see an entropy weaver, 2 demonic crawlers, 2 wolf spiders, an orb
spider, 2 jumping spiders, 3 tarantellas and 16 redbacks.

Vanquished Creatures
  Gastronok (Lair:2)
  Louise (D:15)
  An emperor scorpion (Spider:2)
  Azrael (Spider:2)
  Nessos (D:15)
  3 vault guards (D:14)
  A hydra (D:15)
  A rakshasa (D:15)
  8 centaur warriors
  4 two-headed ogres
  2 tengu warriors (D:14)
  3 death yaks (Lair:4)
  An unseen horror (D:14)
  A wizard (D:14)
  A necromancer (D:14)
  Pikel (D:9)
  3 manticores (D:15)
  2 orb spiders (Spider:2)
  A deep elf mage (D:15)
  11 wolf spiders
  2 cyclopes
  5 ugly things (D:15)
  2 black mambas
  10 elephants
  A spiny frog (shapeshifter) (D:15)
  A guardian serpent (shapeshifter) (D:14)
  2 gargoyles (D:15)
  A kobold demonologist (D:15)
  3 komodo dragons
  14 spiny frogs
  A yaktaur (D:15)
  8 jumping spiders
  A tengu conjurer (D:14)
  3 trolls
  6 meliai
  2 polar bears
  2 hornets
  A wind drake (shapeshifter) (D:15)
  17 blink frogs
  13 hippogriffs
  15 slime creatures
  4 shadows
  A centaur simulacrum (D:15)
  A spriggan (shapeshifter) (D:15)
  8 tarantellas
  A wyvern (D:15)
  2 wraiths (D:13)
  3 vampires
  15 redbacks
  7 basilisks
  3 fire elementals (Spider:2)
  4 yaks
  Eustachio (D:5)
  20 humans (D:14)
  13 vampire mosquitoes
  3 hungry ghosts
  Menkaure (D:5)
  A steam dragon (D:9)
  2 soldier ants (D:8)
  7 water moccasins
  2 hell hounds (Spider:2)
  4 porcupines (Lair:1)
  A hornet zombie (D:6)
  4 orc warriors
  4 sky beasts
  A phantom (D:10)
  3 ice beasts
  4 ogres
  A black bear (Lair:4)
  3 slaves (D:9)
  A necrophage (D:5)
  3 boggarts (D:15)
  10 centaurs
  13 crocodiles
  2 big kobolds (D:15)
  16 bullfrogs
  A gnoll sergeant (D:7)
  A scorpion (D:7)
  5 killer bees (D:13)
  14 wights
  A howler monkey (D:7)
  4 crimson imps
  2 quasits
  3 bullfrog zombies
  4 jellies
  3 bullfrog skeletons
  8 hounds
  7 orc priests
  5 orc wizards
  5 centaur skeletons
  A gnoll shaman (D:6)
  4 iguanas
  8 worker ants
  Natasha (twice) (D:4)
  A hound zombie (D:7)
  A howler monkey zombie (D:7)
  Robin (D:4)
  9 adders
  15 gnolls
  2 shadow imps
  An ooze (D:6)
  2 adder skeletons
  An adder zombie (D:7)
  2 worms
  A dart slug (D:2)
  4 leopard geckos
  31 orcs
  3 giant cockroaches
  17 goblins
  4 hobgoblins
  8 jackals
  3 quokkas
  A ball python (D:5)
  2 bats (D:2)
  A giant cockroach zombie (D:4)
  9 kobolds
  A leopard gecko skeleton (D:6)
  3 rats
  2 fungi
  A plant (Lair:2)
531 creatures vanquished.

Vanquished Creatures (collateral kills)
  A hydra (Lair:1)
  A hippogriff (Lair:1)
  A yak (Lair:2)
  A water moccasin (Lair:1)
  3 butterflies (Lair:2)
7 creatures vanquished.

Vanquished Creatures (others)
  A fungus (Lair:1)
1 creature vanquished.

Grand Total: 539 creatures vanquished

Notes
Turn   | Place    | Note
-------+----------+-------------------------------------------
     0 | D:1      | Flugslaktarn the Deep Dwarf Fighter began the quest for the
                  | Orb.
     0 | D:1      | Reached XP level 1. HP: 20/20 MP: 1/1
   143 | D:1      | Reached XP level 2. HP: 22/27 MP: 2/2
   275 | D:2      | Reached skill level 3 in Axes
   275 | D:2      | Reached XP level 3. HP: 26/34 MP: 3/3
   418 | D:3      | Reached XP level 4. HP: 36/42 MP: 4/4
   585 | D:4      | Reached skill level 4 in Axes
   585 | D:4      | Reached XP level 5. HP: 23/49 MP: 4/4
   594 | D:4      | Noticed Robin
   605 | D:4      | Killed Robin
   709 | D:4      | Noticed Natasha
   716 | D:4      | Killed Natasha
   911 | D:4      | Noticed Natasha
   917 | D:4      | Killed Natasha
   932 | D:4      | Reached XP level 6. HP: 55/56 MP: 4/4
  1003 | D:5      | Entered Level 5 of the Dungeon
  1003 | D:5      | Noticed Menkaure
  1006 | D:5      | Noticed an ice beast
  1012 | D:5      | Killed Menkaure
  1012 | D:5      | Reached skill level 5 in Axes
  1018 | D:5      | Killed an ice beast
  1059 | D:5      | Found the ring of Robustness {AC+8}
  1069 | D:5      | Reached XP level 7. HP: 53/64 MP: 5/5
  1134 | D:5      | Reached skill level 5 in Armour
  1134 | D:5      | Reached skill level 5 in Shields
  1232 | D:5      | Found Iluomefu's Weapon Emporium.
  1299 | D:5      | Reached skill level 6 in Axes
  1404 | D:5      | Noticed Eustachio
  1455 | D:5      | Killed Eustachio
  1662 | D:6      | Found a staircase to the Ecumenical Temple.
  1704 | D:6      | Reached XP level 8. HP: 49/73 MP: 5/5
  1719 | Temple   | Entered the Ecumenical Temple
  1745 | Temple   | Became a worshipper of Makhleb the Destroyer
  1865 | D:6      | Reached skill level 7 in Axes
  2001 | D:6      | Reached skill level 1 in Invocations
  2182 | D:7      | Found Viduecux's Book Shoppe.
  2199 | D:7      | Noticed a hippogriff
  2233 | D:7      | Killed a hippogriff
  2233 | D:7      | Reached skill level 5 in Fighting
  2316 | D:7      | Reached skill level 8 in Axes
  2338 | D:7      | Reached * piety under Makhleb
  2354 | D:7      | Identified the cursed +3 flail "Riuneciox" {holy, rElec
                  | Dex+3}
  2361 | D:7      | Gained mutation: You passively map the area around you.
                  | [Deep Dwarf growth]
  2361 | D:7      | Reached XP level 9. HP: 67/81 MP: 8/8
  2554 | D:7      | Found a roughly hewn altar of Beogh.
  3116 | D:8      | Found Vaasocwe's Weapon Shop.
  3129 | D:8      | Bought a +0 broad axe of venom for 88 gold pieces
  3198 | D:8      | Reached skill level 9 in Axes
  3282 | D:8      | Reached ** piety under Makhleb
  3288 | D:8      | Reached skill level 5 in Invocations
  3461 | D:8      | Found a sparkling altar of Nemelex Xobeh.
  3674 | D:9      | Noticed a two-headed ogre
  3693 | D:9      | Killed a two-headed ogre
  3693 | D:9      | Reached skill level 10 in Axes
  3693 | D:9      | Reached XP level 10. HP: 70/92 MP: 11/11
  3823 | D:9      | Found a staircase to the Lair.
  3823 | D:9      | Noticed Pikel
  3837 | D:9      | Killed Pikel
  3853 | D:9      | Found Uwkytz's Magic Scroll Emporium.
  3865 | D:9      | Bought a scroll of enchant armour for 97 gold pieces
  4227 | D:9      | Found a flagged portal.
  4491 | Lair:1   | Entered Level 1 of the Lair of Beasts
  4593 | Lair:1   | Noticed a spiny frog
  4595 | Lair:1   | Reached *** piety under Makhleb
  4600 | Lair:1   | Killed a spiny frog
  4600 | Lair:1   | Reached skill level 11 in Axes
  4622 | Lair:1   | Noticed a spiny frog
  4630 | Lair:1   | Killed a spiny frog
  4653 | Lair:1   | Noticed an elephant
  4654 | Lair:1   | Noticed an elephant
  4654 | Lair:1   | Noticed an elephant
  4654 | Lair:1   | Noticed an elephant
  4655 | Lair:1   | Noticed an elephant
  4670 | Lair:1   | Killed an elephant
  4672 | Lair:1   | Killed an elephant
  4672 | Lair:1   | Reached XP level 11. HP: 64/100 MP: 13/13
  4961 | Lair:1   | Noticed a five-headed hydra
  4973 | Lair:1   | Killed a six-headed hydra
  5416 | Lair:2   | Reached skill level 12 in Axes
  5696 | Lair:2   | Noticed Gastronok
  5710 | Lair:2   | Killed Gastronok
  5710 | Lair:2   | Reached XP level 12. HP: 89/110 MP: 14/16
  5745 | Lair:2   | Found a staircase to the Shoals.
  6432 | Lair:3   | Reached **** piety under Makhleb
  6500 | Lair:3   | Reached skill level 13 in Axes
  6732 | Lair:4   | Noticed a death yak
  6732 | Lair:4   | Noticed a death yak
  6732 | Lair:4   | Noticed a death yak
  6737 | Lair:4   | Killed a death yak
  6737 | Lair:4   | Reached skill level 10 in Armour
  6737 | Lair:4   | Reached skill level 10 in Shields
  6741 | Lair:4   | Killed a death yak
  6749 | Lair:4   | Killed a death yak
  6749 | Lair:4   | Reached skill level 10 in Invocations
  7366 | Lair:4   | Found a hole to the Spider Nest.
  7429 | Lair:4   | Reached skill level 14 in Axes
  7435 | Lair:4   | Reached XP level 13. HP: 121/121 MP: 18/18
  7791 | D:10     | Entered Level 10 of the Dungeon
  8428 | D:13     | Reached ***** piety under Makhleb
  9108 | D:13     | Found a portal to a secret trove of treasure.
  9450 | D:14     | Reached skill level 15 in Axes
  9530 | D:14     | Found a gate to the Vaults.
  9608 | D:14     | Gained mutation: You resist negative energy. (rN+) [Deep
                  | Dwarf growth]
  9608 | D:14     | Reached XP level 14. HP: 112/130 MP: 20/20
 10115 | D:15     | Entered Level 15 of the Dungeon
 10149 | D:15     | Reached skill level 10 in Fighting
 10153 | D:15     | Noticed Nessos
 10179 | D:15     | Killed Nessos
 10252 | D:15     | Reached skill level 1 in Dodging
 10295 | D:15     | Reached ****** piety under Makhleb
 10450 | D:15     | Noticed Louise
 10468 | D:15     | Killed Louise
 10468 | D:15     | Reached skill level 16 in Axes
 10550 | D:15     | Found a staircase to the Depths.
 10566 | D:15     | Reached skill level 5 in Dodging
 11003 | Spider:1 | Entered Level 1 of the Spider Nest
 11054 | Spider:2 | Noticed an emperor scorpion
 11106 | Spider:2 | Killed an emperor scorpion
 11224 | Spider:2 | Reached skill level 1 in Evocations
 11233 | Spider:2 | Reached XP level 15. HP: 94/140 MP: 20/20
 11266 | Spider:2 | Noticed Azrael
 11282 | Spider:2 | Killed Azrael
 11349 | Spider:2 | Reached skill level 5 in Evocations
 11405 | Spider:3 | Slain by a redback

Illustrated notes

Levels and vault maps discovered:
D:1:      lightli_arrival_quake, layout_basic
D:2:      minmay_chambers_of_twos, layout_loops_corners, first_ration,
          serial_glass, glass_columns_b, glass_columns_c,
          uniq_crazy_yiuf_cottage, uniq_sigmund
D:3:      layout_loops_cross, guppyfry_early_lair_pool, uniq_jessica
D:4:      layout_cave_pools, uniq_robin, uniq_natasha
D:5:      layout_rooms, serial_shops, nicolae_shop_behind_doors,
          hangedman_decor_clover_reticule, uniq_menkaure, uniq_eustachio
D:6:      layout_cave_pools, temple_statues
D:7:      layout_loops_ring, serial_shops, shop, david_defended_altar_orc
D:8:      layout_rooms, nemelex_xobeh_ov_fountains_minmay, serial_shops, shop,
          hangedman_pestilent_swarm
D:9:      layout_basic, david_lair_generic, serial_shops, shop_scrolls,
          enter_bailey_3, minivault_16, uniq_pikel
D:10:     layout_cave_pools, serial_bayou_pond_d
D:11:     layout_loops_ring, david_orc_4, uniq_harold
D:12:     layout_stronghold
D:13:     layout_basic, trove_entry_hex_spiral
D:14:     layout_basic, grunt_vaults_entry_tiered
D:15:     gammafunk_enter_depths_forms, layout_rooms, minivault_28, uniq_nessos,
          uniq_louise
Temple:   grunt_wide_crystal_templ
Lair:1:   layout_small_grid, st_stairs_11
Lair:2:   layout_loops_ring, elwin_shoals_entry_rocks, lemuel_fruit_fields,
          uniq_gastronok
Lair:3:   layout_misc_corridors, infiniplex_staircase_pool
Lair:4:   layout_roguey, nicolae_spider_entry_tight_spaces,
          infiniplex_staircase_pool_2, serial_bayou_shore_b
Spider:1: layout_spider_delve, hangedman_spider_mandibles
Spider:2: layout_spider_delve, uniq_nikola, uniq_donald, uniq_azrael,
          uniq_roxanne
Spider:3: layout_spider_delve, gammafunk_ghost_abyssal_escape

Skill      XL: |  1  2  3  4  5  6  7  8  9 10 11 12 13 14 15 |
---------------+----------------------------------------------+-----
Fighting       | 3 4 5 6 7 8 9 10 | 10.6
Axes           | 3 4 5 6 8 10 11 12 14 15 16 | 16.4
Armour         | 4 5 6 7 8 9 10 11 12 | 12.3
Shields        | 4 5 6 7 8 9 10 11 12 | 12.3
Invocations    | 3 5 7 9 10 12 13 | 13.1
Dodging        | 6 |  6.2
Evocations     | 2 6 |  6.0

Action                   |  1- 3 |  4- 6 |  7- 9 | 10-12 | 13-15 || total
-------------------------+-------+-------+-------+-------+-------++-------
Melee: War axe           |    78 |   114 |   395 |       |       ||   587
       Broad axe         |       |       |    96 |   491 |   901 ||  1488
Invok: Lesser Servant of |       |       |       |     2 |       ||     2
 Abil: Heal Wounds       |     2 |     5 |     9 |     2 |     9 ||    27
Evoke: Wand              |       |       |       |       |     2 ||     2
  Use: Scroll            |       |     6 |     4 |    14 |     5 ||    29
       Potion            |       |       |       |       |     5 ||     5
 Stab: Distracted        |       |       |       |     1 |     1 ||     2
  Eat: Chunk             |       |     1 |    11 |    11 |    13 ||    36
       Ration            |       |       |       |     1 |     2 ||     3
Armor: Scale mail        |    34 |    49 |   194 |       |       ||   277
       Plate armour      |       |       |   119 |   391 |   769 ||  1279
       Skin              |       |       |     1 |       |    46 ||    47
Dodge: Dodged            |    26 |    32 |   150 |   120 |   295 ||   623
Block: Kite shield       |    37 |    67 |   301 |   321 |   697 ||  1423

Table legend:
 A = Non-vault XP
 B = Vault XP
 C = Vault XP percentage of total XP
 D = Non-vault monster count
 E = Vault monster count
 F = Vault count percentage of total count
                 A         B        C        D         E       F
            +---------+---------+-------+---------+---------+-------
      Total |   80605 |   30549 |  27.5 |     429 |     100 |  18.9
            +---------+---------+-------+---------+---------+-------
        D:1 |      15 |       0 |   0.0 |       8 |       0 |   0.0
        D:2 |      67 |       0 |   0.0 |      11 |       0 |   0.0
        D:3 |      22 |       0 |   0.0 |       6 |       0 |   0.0
        D:4 |     223 |      72 |  24.4 |      16 |      13 |  44.8
        D:5 |     427 |     360 |  45.7 |      15 |       2 |  11.8
        D:6 |     593 |       0 |   0.0 |      19 |       0 |   0.0
        D:7 |    1702 |     125 |   6.8 |      52 |       3 |   5.5
        D:8 |    1238 |     360 |  22.5 |      14 |       4 |  22.2
        D:9 |    2309 |    1349 |  36.9 |      19 |       9 |  32.1
       D:10 |     500 |       0 |   0.0 |       7 |       0 |   0.0
       D:11 |     394 |       0 |   0.0 |       5 |       0 |   0.0
       D:12 |     136 |       0 |   0.0 |       1 |       0 |   0.0
       D:13 |    7109 |       0 |   0.0 |      35 |       0 |   0.0
       D:14 |    9931 |    8157 |  45.1 |      42 |      25 |  37.3
       D:15 |   15426 |   13204 |  46.1 |      51 |      25 |  32.9
     Lair:1 |    6705 |     502 |   7.0 |      22 |       3 |  12.0
     Lair:2 |    4440 |    1974 |  30.8 |      20 |       1 |   4.8
     Lair:3 |    4079 |       0 |   0.0 |      16 |       0 |   0.0
     Lair:4 |   11326 |    2251 |  16.6 |      34 |       9 |  20.9
   Spider:1 |     573 |       0 |   0.0 |       1 |       0 |   0.0
   Spider:2 |   10135 |    2195 |  17.8 |      25 |       6 |  19.4
   Spider:3 |    3255 |       0 |   0.0 |      10 |       0 |   0.0
            +---------+---------+-------+---------+---------+-------
